Map: Apotheosis LE

Players

Gracz - Winner!

  • Race: Terran Terran
  • League: Silver

Blackgamer

  • Race: Terran Terran
  • League: Platinum

VOD

Have the link to the VOD?

Description

Time

  • Played on: Oct. 30, 2016, 7:40 a.m.
  • Length: 9:16
Show
View Real Time Build Order
Export as new Build Order

Gracz Terran - Winner!

Build Orders: Reaper Expand 

Get SALT Encoding   

  12  0:01  SCV  
  13  0:16  Supply Depot  
  13  0:17  SCV  
  14  0:26  Refinery  
  14  0:32  SCV  
  15  0:42  Barracks  
  15  0:49  SCV  
  16  1:03  SCV  
  17  1:13  Refinery  
  17  1:15  SCV  
  18  1:32  Factory  
  18  1:45  Orbital Command  
  19  1:47  Reaper  
  19  1:55  Supply Depot  
  19  2:10  SCV  
  20  2:30  Factory Tech Lab  
  20  2:31  Starport  
  20  2:36  Barracks Reactor  
  20  2:37  Barracks  
  19  3:53  SCV  
  19  3:58  Barracks Tech Lab  
  19  3:59  Starport Reactor  
  19  4:01  Unknown, Command Center  
  18  4:05  Marine x2, SCV  
  18  4:06  Siege Tank  
  23  4:59  SCV  
  24  5:03  Marine x2  
  24  5:04  Marauder  
  28  5:11  SCV  
  29  5:16  Unknown  
  29  5:18  Orbital Command  
  29  5:23  SCV  
  29  5:25  Stimpack  
  30  5:30  Medivac  
  32  5:40  Reaper  
  32  5:42  Marine  
  34  5:45  Marauder  
  36  5:50  Orbital Command  
  36  6:18  Medivac x2  
  36  6:25  SCV x2  
  42  6:33  Marine x2  
  42  6:34  Marauder  
  46  6:41  Barracks, Engineering Bay  
  46  6:43  Engineering Bay  
  46  6:47  Supply Depot  
  46  6:51  SCV x2  
  46  6:53  Marine  
  46  6:54  Marine  
  50  6:55  Marine  
  51  7:08  Barracks  
  51  7:13  Factory  
  51  7:18  Marine x2, Starport  
  51  7:19  Marauder  
  55  7:25  SCV x2  
  55  7:28  Refinery  
  57  7:37  SCV  
  58  7:50  Siege Tank  
  61  7:51  Barracks Reactor  
  61  7:56  Starport Reactor  
  61  7:58  Barracks Tech Lab  
  62  8:05  SCV  
  62  8:12  SCV  
  62  8:14  Supply Depot  
  62  8:17  SCV  
Show
View Real Time Build Order
Export as new Build Order

Blackgamer Terran 

Build Orders:  

Get SALT Encoding   

  12  0:01  SCV  
  13  0:14  SCV  
  14  0:22  Supply Depot  
  14  0:26  SCV  
  15  0:43  SCV  
  15  0:46  Barracks  
  16  0:50  Refinery  
  16  0:55  SCV  
  17  1:00  Supply Depot  
  17  1:08  SCV  
  18  1:20  SCV  
  19  1:32  SCV  
  20  1:35  Reaper  
  20  1:38  Refinery  
  21  1:44  SCV  
  22  1:57  Unknown, Command Center  
  22  2:07  SCV  
  23  2:10  Barracks Reactor  
  23  2:18  Factory  
  23  2:25  SCV  
  24  3:09  Unknown  
  23  3:13  Marine  
  23  3:14  Marine  
  23  3:17  Orbital Command  
  25  3:28  SCV  
  25  3:36  Factory Reactor  
  25  3:40  SCV  
  22  4:23  Marine x2  
  24  4:25  Widow Mine  
  26  4:34  Starport  
  26  4:41  Marine x2  
  28  5:15  Factory Tech Lab  
  28  5:18  Starport Tech Lab  
  28  5:36  Barracks  
  28  5:55  Cloaking Field  
  28  5:56  Banshee  
  31  5:59  SCV  
  31  6:05  Orbital Command  
  31  6:09  Marine x2  
  34  6:11  SCV  
  34  6:23  SCV  
  35  6:26  Siege Tank  
  38  6:35  SCV  
  38  6:36  Barracks, Marine x2  
  38  6:39  Banshee  
  44  6:56  Marine x2  
  46  7:11  Barracks Reactor  
  46  7:15  Supply Depot  
  46  7:23  Orbital Command  
  46  7:38  Supply Depot  
  46  7:45  Siege Tank  
  46  7:47  Starport Reactor  
  46  7:48  SCV  
  50  7:53  Marine x3  
  50  7:54  Marine  
  54  8:00  SCV  
  54  8:02  Supply Depot  
  56  8:12  SCV  
Tags
 
Add a new tag
Caveats
  • Supply blocks, unpowered buildings, or Contaminate may cause inaccurate times.
  • Supply counts are checked every 10 seconds.